 Dungeon Crawl Stone Soup version 0.25.1-2-g60ff931df9 (webtiles) character file.

Game seed: 17063386391148102285

1555 DearestLeader the Geomancer (level 8, -4/41 HPs)
             Began as a Gargoyle Earth Elementalist on Oct 13, 2020.
             Shot with a sling bullet by Joseph (5 damage)
             ... on level 7 of the Dungeon.
             The game lasted 00:14:16 (7826 turns).

DearestLeader the Geomancer (GrEE)                  Turns: 7826, Time: 00:14:16

Health: -4/41      AC: 10    Str: 18    XL:     8   Next: 88%
Magic:  14/14      EV: 12    Int: 18    God:
Gold:   325        SH:  0    Dex: 10    Spells: 4/15 levels left

rFire    . . .     SeeInvis .   k - +0 short sword (venom)
rCold    . . .     Gourm    .   (no shield)
rNeg     + . .     Faith    .   c - +0 robe
rPois    ∞         Spirit   .   (no helmet)
rElec    +         Reflect  .   f - +0 cloak
rCorr    +         Harm     .   (no gloves)
MR       .....                  D - +1 pair of boots
Stlth    ++........             (no amulet)
HPRegen  0.13/turn              n - +6 ring of strength
MPRegen  0.14/turn              p - ring of resist corrosion

@: no status effects
A: negative energy resistance 1, electricity resistance, unbreathing,
petrification resistance, rot immunity, AC +5
a: no special abilities


You were on level 7 of the Dungeon.
You were hungry.

You visited 1 branch of the dungeon, and saw 7 of its levels.
You also visited: Sewer.

You collected 421 gold pieces.
You spent 96 gold pieces at shops.

Inventory:

Hand Weapons
 k - a +0 short sword of venom (weapon)
 t - a +1 war axe of holy wrath
 C - the +2 war axe of the Singing Stork {speed, *Noise rF+++ rN+++ Stlth-}
   (You found it on level 5 of the Dungeon)

   Attacks with this weapon are significantly faster.
   It renders you almost immune to fire.
   It renders you almost immune to negative energy.
   It may make noises in combat.
   It makes you less stealthy.
Missiles
 b - 139 stones (quivered)
Armour
 c - a +0 robe (worn)
 f - a +0 cloak (worn)
 D - a +1 pair of boots (worn)
Magical Staves
 B - an uncursed staff of summoning
Jewellery
 n - a +6 ring of strength (left hand)
 p - a ring of resist corrosion (right hand)
Wands
 y - a wand of polymorph (8)
Scrolls
 a - 2 scrolls of enchant armour {unknown}
 h - 5 scrolls of fog
 j - 3 scrolls of amnesia
 m - 5 scrolls of remove curse
 r - 3 scrolls of enchant weapon {unknown}
 x - 6 scrolls of teleportation
Potions
 e - 3 potions of heal wounds
 g - 2 potions of brilliance
 i - a potion of resistance {unknown}
 l - a potion of stabbing {unknown}
 q - 4 potions of flight {unknown}
 s - a potion of ambrosia {unknown}
 u - a potion of invisibility {unknown}
 v - 5 potions of curing
 w - 3 potions of might {unknown}
 z - a potion of lignification {unknown}
 A - 2 potions of mutation {unknown}
Comestibles
 d - 14 rations


   Skills:
 - Level 1.5 Dodging
 - Level 2.1 Stealth
 - Level 4.0 Spellcasting
 - Level 0.7 Transmutations
 * Level 12.2 Earth Magic


You had 4 spell levels left.
You knew the following spells:

 Your Spells              Type           Power        Failure   Level  Hunger
a - Sandblast             Erth           #####.       1%          1    None
b - Passwall              Tmut/Erth      ####....     1%          2    ##.....
c - Stone Arrow           Conj/Erth      ####..       3%          3    ###....
d - Lee's Rapid Deconstr  Erth           #####.....   2%          5    ######.

Your spell library contained the following spells:

 Spells                   Type           Power        Failure   Level  Hunger
 Petrify                  Tmut/Erth      ####....     10%         4    ####...


Dungeon Overview and Level Annotations

Branches:
Dungeon (7/15)              Sewer (visited)
 Temple: D:4-7

Altars:
Kikubaaqudgha
Zin

Shops:
D:4 !

Annotations:
D:3 3 runed translucent doors, 1Viktor's ghost, amateur CeHu; Sondor's ghost, weakling DsGl; ciphuk's ghost, amateur KoBe; doomsgape's ghost, amateur TeFi
D:7 Joseph


Innate Abilities, Weirdness & Mutations

You are resistant to torment.
Your stone body is resilient. (AC +5)
You are immune to poison.
You resist negative energy. (rN+)
You are resistant to electric shocks. (rElec)
You can survive without breathing.
You are immune to petrification.
You are immune to rotting.


Message History

Joseph wields a +4 hunting sling of flaming.
It bursts into flame!
Joseph shoots a sling bullet.
The sling bullet hits you but does no damage.
You see here a sling bullet.
A hound comes into view.
Joseph shoots a sling bullet.
The sling bullet hits you! The sling bullet burns you.
You see here a sling bullet.
Joseph shoots a sling bullet.
The sling bullet hits you! The sling bullet burns you.
* * * LOW HITPOINT WARNING * * *
You see here a sling bullet.
Joseph shoots a sling bullet.
The sling bullet hits you!
* * * LOW HITPOINT WARNING * * *
The sling bullet burns you.
* * * LOW HITPOINT WARNING * * *
There is a stone staircase leading up here.
You see here a sling bullet.
Joseph shoots a sling bullet.
The sling bullet hits you.
You die...

#. ... ..h. #.
#.## #@.@.
#.##..###.....
#.#....#...>..
#....(......#
##.#....?.....
#.##(#.##%[#.
##...#!# ...
#.@(.#.. .
#.#######
#....# ####.#
#


You could see Joseph.

Vanquished Creatures
  Sigmund (D:5)
  Edmund (D:6)
  A sky beast (D:5)
  A necrophage (D:6)
  An ogre (D:5)
  A centaur (D:6)
  A big kobold (Sewer)
  Blork the orc (D:5)
  4 scorpions
  A crimson imp (D:5)
  3 hounds
  2 orc priests (D:5)
  An orc wizard (D:5)
  An iguana (D:5)
  4 worker ants
  11 adders
  A river rat (Sewer)
  5 oozes
  An adder skeleton (D:6)
  9 worms
  2 dart slugs
  6 leopard geckos
  4 orcs (D:5)
  10 bats
  6 giant cockroaches
  8 goblins
  7 hobgoblins
  8 jackals
  15 kobolds
  2 quokkas
  2 ball pythons
  6 frilled lizards
  9 rats
136 creatures vanquished.

Notes
Turn   | Place    | Note
-------+----------+-------------------------------------------
     0 | D:1      | DearestLeader the Gargoyle Earth Elementalist began the
                  | quest for the Orb.
     0 | D:1      | Reached XP level 1. HP: 10/10 MP: 3/3
   134 | D:1      | Reached skill level 4 in Earth Magic
   139 | D:1      | Reached XP level 2. HP: 9/15 MP: 5/5
   525 | D:1      | Reached XP level 3. HP: 10/19 MP: 4/6
   529 | D:1      | Reached skill level 5 in Earth Magic
  1630 | D:2      | Reached XP level 4. HP: 24/24 MP: 4/7
  1634 | D:2      | Learned a level 2 spell: Passwall
  1638 | D:2      | Learned a level 3 spell: Stone Arrow
  1738 | D:2      | Reached skill level 6 in Earth Magic
  2004 | D:2      | Found a glowing silver altar of Zin.
  2122 | D:2      | Reached XP level 5. HP: 16/28 MP: 5/8
  2795 | D:2      | Reached skill level 7 in Earth Magic
  3047 | D:3      | Found a runed translucent gate.
  3050 | D:3      | Found a runed translucent gate.
  3051 | D:3      | Found a runed translucent gate.
  3053 | D:3      | Noticed doomsgape's ghost (amateur TeFi)
  3056 | D:3      | Noticed ciphuk's ghost (amateur KoBe)
  3056 | D:3      | Noticed 1Viktor's ghost (amateur CeHu)
  3056 | D:3      | Noticed Sondor's ghost (weakling DsGl)
  3761 | D:4      | Reached XP level 6. HP: 24/32 MP: 9/9
  4320 | D:4      | Found Saluinoqemm's Distillery.
  4323 | D:4      | Bought a potion of heal wounds for 60 gold pieces
  4323 | D:4      | Bought a potion of curing for 36 gold pieces
  4519 | D:5      | Entered Level 5 of the Dungeon
  4596 | D:5      | Found a glowing drain.
  4612 | Sewer    | Entered a sewer
  4617 | Sewer    | Reached skill level 8 in Earth Magic
  5257 | Sewer    | Reached XP level 7. HP: 36/36 MP: 9/11
  5497 | D:5      | Reached skill level 9 in Earth Magic
  5673 | D:5      | Learned a level 5 spell: Lee's Rapid Deconstruction
  6020 | D:5      | Noticed Sigmund
  6025 | D:5      | Killed Sigmund
  6025 | D:5      | Reached skill level 10 in Earth Magic
  6025 | D:5      | Reached XP level 8. HP: 41/41 MP: 11/14
  6091 | D:5      | Found an ancient bone altar of Kikubaaqudgha.
  6117 | D:5      | Noticed Blork the orc
  6122 | D:5      | Killed Blork the orc
  6462 | D:5      | Got a brightly glowing war axe
  6462 | D:5      | Identified the +2 war axe of the Singing Stork {speed,
                  | *Noise rF+++ rN+++ Stlth-} (You found it on level 5 of the
                  | Dungeon)
  6804 | D:6      | Noticed Edmund
  6808 | D:6      | Reached skill level 11 in Earth Magic
  6819 | D:6      | Killed Edmund
  7518 | D:6      | Reached skill level 12 in Earth Magic
  7817 | D:7      | Noticed Joseph
  7825 | D:7      | HP: 1/41 [Joseph/sling bullet (3)]
  7826 | D:7      | Shot with a sling bullet by Joseph

Illustrated notes

Levels and vault maps discovered:
D:1:      minmay_arrival_four_houses, layout_rooms, st_stairs_13,
          minmay_pentomino_r4
D:2:      layout_loops_ring, nicolae_overflow_crystal_walls, first_ration
D:3:      layout_loops_ring, gammafunk_ghost_cemetery, serial_bayou_ford_a
D:4:      layout_basic, serial_shops, shop
D:5:      layout_basic, gup_sewer_entry_bubbles, basic_altar,
          hangedman_decor_push, uniq_blork_the_orc, uniq_sigmund
D:6:      layout_basic, uniq_edmund
D:7:      layout_loops_cross, lemuel_coloured_pillars_altar, temple_fountains,
          uniq_joseph

Skill      XL: |  1  2  3  4  5  6  7  8 |
---------------+-------------------------+-----
Earth Magic    | 4 5 6 7 8 10 12 | 12.2
Spellcasting   | 3 4 |  4.0
Dodging        | |  1.5
Stealth        | |  2.1
Transmutations | |  0.7

Action                   |  1- 3 |  4- 6 |  7- 9 || total
-------------------------+-------+-------+-------++-------
Melee: Mace              |    53 |       |       ||    53
       Dagger            |    86 |   197 |    12 ||   295
       War axe           |       |    35 |    12 ||    47
       Whip              |       |    61 |       ||    61
       Short sword       |       |       |    17 ||    17
 Cast: Sandblast         |    21 |    37 |    56 ||   114
  Use: Scroll            |     2 |     8 |     2 ||    12
 Stab: Sleeping          |       |     7 |       ||     7
  Eat: Chunk             |     3 |    12 |     7 ||    22
Armor: Robe              |    92 |   102 |    11 ||   205
Dodge: Dodged            |   131 |   167 |    35 ||   333
